AoeStats
← Aqualava

Arena

510933442Analyzed
2v2 RM · 11h ago on Oct 3, 2026· 53m 38s· 4 players
Game mode
Random Map
Map size
Medium (4 player)
Population
200
Speed
Normal
Resources
Standard
Victory
Conquest
Starting age
Dark Age
Ending age
Imperial Age
RankedLock teamsTeams togetherTeam positionsShared explorationLock speedFull tech treeHidden civsTurbo modeCheats
Victory
Defeat
🇧🇴 Spanish · Bolivia
1105
+14
🇧🇴 Aztecs · Bolivia
1098
+15
🇺🇸 Varangians · United States
1073
-14
🇺🇸 Danes · United States
1070
-15
Fanto
9:39 Loom
12:16 Feudal Age
13:52 Horse Collar
16:24 Castle Age
16:25 Double-Bit Axe
17:59 Heavy Plow
19:14 Bow Saw
26:36 Gold Mining
29:18 Wheelbarrow
32:13 Hand Cart
37:11 Imperial Age
38:41 Forging
38:32 Scale Mail Armor
40:26 Two-Man Saw
43:21 Stone Mining
45:54 Iron Casting
45:24 Scale Barding Armor
46:21 Bloodlines
45:33 Cavalier
46:12 Town Watch
47:55 Blast Furnace
48:25 Chain Barding Armor
48:26 Town Patrol
48:25 Paladin
51:02 Plate Barding Armor
50:48 Husbandry
Aqualava
1:55 Loom
2:23 Loom
11:07 Feudal Age
16:55 Castle Age
15:33 Double-Bit Axe
15:57 Horse Collar
23:14 Scale Mail Armor
23:25 Forging
23:55 Forging
24:21 Squires
26:46 Chain Mail Armor
27:26 Bow Saw
27:19 Heavy Plow
28:03 Iron Casting
28:20 Wheelbarrow
29:13 Town Watch
29:34 Fletching
29:45 Padded Archer Armor
31:36 Hand Cart
31:21 Town Patrol
31:44 Elite Skirmisher
36:45 Imperial Age
35:00 Bodkin Arrow
35:21 Leather Archer Armor
35:14 Arson
35:26 Gold Mining
35:27 Stone Mining
36:21 Ballistics
35:24 Pikeman
38:09 Conscription
38:53 Gold Shaft Mining
38:54 Stone Shaft Mining
40:14 Blast Furnace
38:55 Elite Jaguar Warrior
40:55 Crop Rotation
41:15 Garland Wars
42:31 Plate Mail Armor
42:29 Bracer
42:08 Capped Ram
45:53 Chemistry
44:26 Siege Ram
49:56 Fortified Wall
49:29 Treadmill Crane
49:44 Murder Holes
52:11 Atlatl
RealFluffBucket
10:06 Feudal Age
11:09 Horse Collar
11:17 Double-Bit Axe
17:01 Castle Age
16:44 Scale Barding Armor
16:48 Stone Mining
22:50 Fletching
23:59 Bodkin Arrow
26:19 Loom
27:26 Wheelbarrow
31:29 Chain Barding Armor
31:12 Heavy Plow
31:29 Bow Saw
32:15 Gold Mining
33:35 Hand Cart
34:04 Forging
37:25 Imperial Age
36:22 Iron Casting
38:27 Elite Jarl
39:28 Conscription
42:43 Bracer
43:01 Cavalier
43:52 Bloodlines
43:46 Husbandry
53:24 Elite Varangian Guard
TastyToast
10:09 Feudal Age
10:50 Double-Bit Axe
10:46 Horse Collar
16:55 Castle Age
19:17 Squires
19:06 Arson
31:30 Padded Archer Armor
31:54 Light Cavalry
34:31 Bow Saw
36:48 Bloodlines
37:49 Husbandry
44:30 Gold Mining
44:42 Heavy Plow
Connection lost

Rejoining the realm…

Still unreachable

The connection could not be restored.

Session expired

The server has moved on; the page needs a fresh start.